 Dungeon Crawl Stone Soup version 0.30-a0-996-ga6910c8ee8 (webtiles) character file.

Game seed: 14857542313132462145

30 KidAlby the Grave Robber (level 3, 19/19 HPs)
             Began as a Deep Elf Necromancer on Mar 28, 2023.
             Quit the game on level 2 of the Dungeon on Apr 4, 2023.
             The game lasted 00:15:27 (1311 turns).

KidAlby the Grave Robber (Deep Elf Necromancer)     Turns: 1311, Time: 00:15:27

Health: 19/19      AC:  3    Str:  4 (5)  XL:     3   Next: 5%
Magic:  10/10      EV: 12    Int: 18 (21) God:
Gold:   56         SH:  0    Dex: 13 (15) Spells: 8/9 levels left

rFire   + . .      SeeInvis .    f - staff of cold
rCold   . . .      Faith    .    (no shield)
rNeg    . . .      Spirit   .    a - +0 robe
rPois   .          Reflect  .    (no helmet)
rElec   .          Rampage  .    (no cloak)
rCorr   .                        (no gloves)
Will    .....                    d - +0 pair of boots
Stlth   ++                       (no amulet)
HPRegen 0.23/turn                e - ring of fire
MPRegen 0.12/turn                (no ring)

@: no status effects
A: no striking features
a: no special abilities


You were on level 2 of the Dungeon.
You visited 1 branch of the dungeon, and saw 2 of its levels.

You collected 56 gold pieces.

Inventory:

Hand Weapons
 g - the +12 glaive of Prune {freeze, Prune}
   (You found it on level 2 of the Dungeon)

   Prune:     It halves damage taken while paralysed, petrified or unconscious.
Armour
 a - a +0 robe (worn)
 d - a +0 pair of boots (worn)
Magical Staves
 f - a staff of cold (weapon)
Jewellery
 e - a ring of fire (left hand)
Scrolls
 c - 2 scrolls of identify
 h - a scroll of poison
 i - a scroll of brand weapon
Potions
 b - a potion of magic
 j - 2 potions of attraction


   Skills:
 + Level 2.5 Dodging
 + Level 2.5 Stealth
 + Level 3.6 Spellcasting
 + Level 5.6 Necromancy


You had 8 spell levels left.
You knew the following spells:

 Your Spells              Type           Power      Damage    Failure   Level
a - Necrotise             Necr           92%        1d8       1%          1

Your spell library contained the following spells:

 Spells                   Type           Power      Damage    Failure   Level
 Vampiric Draining        Necr           23%        2d7       4%          3
 Animate Dead             Necr           23%        N/A       16%         4
 Agony                    Necr           23%        N/A       38%         5
 Kindle Blastsparks       Fire/Tloc/Air  8%         2d10      41%         3
 Fulminant Prism          Conj/Hex       1%         3d5       83%         4
 Iskenderun's Mystic Bla  Conj/Tloc      3%         2d3       83%         4
 Lee's Rapid Deconstruct  Erth           1%         3d4*      99%         5


Dungeon Overview and Level Annotations

Branches:
Dungeon (2/15)

Altars:

Shops:
D:2 (


Message History

Your bat skeleton barely misses the ball python.
Your bat skeleton hits the ball python.
The ball python bites your bat skeleton.
The ball python constricts your bat skeleton.
Your magical contamination has completely faded away.
Casting: Necrotise (safe; 1% risk of failure)
Confirm with . or Enter, or press ? or * to list all spells.
You don't have enough magic to cast this spell.
You hit the ball python.
You kill the ball python!
Found a book of Blasting.
Found 4 gold pieces.
You pick up a book of Blasting and begin reading...
You add the spells Kindle Blastsparks, Fulminant Prism, Iskenderun's Mystic Blast and Lee's Rapid Deconstruction to your library.
Aiming: Necrotise (safe; 1% risk of failure)
Press: ? - help, Q - select action Shift-Dir - straight line
Okay, then.
This spell is quite dangerous to cast!
Memorise Vampiric Draining, consuming 3 spell levels and leaving 5?
Okay, then.
This spell is astonishingly dangerous to cast!
Memorise Kindle Blastsparks, consuming 3 spell levels and leaving 5?
Okay, then.
Okay, then.
Your ball python skeleton crumbles into dust!
Your bat skeleton crumbles into dust!
Your bat skeleton crumbles into dust!
You now have 56 gold pieces (gained 4).
Found an escape hatch in the ceiling.
You open the door.
There is an open door here.
You open the large door.
There is a large open door here.
There is a large open door here.
A goblin comes into view. It is wielding a +0 club.
Casting: Necrotise (safe; 1% risk of failure)
Confirm with . or Enter, or press ? or * to list all spells.
You can't see any susceptible monsters within range! (Use Z to cast anyway.) Unknown command.
Are you sure you want to abandon this character and quit the game? (Confirm with "yes".)

.............# ##.#
##.).........##.........####..###
#...........##.g.......#.......#
#...........##.........#.##.##.#
##############.........#.#<.....
# #.........#.#.##.## #
########.........#...##.# ##
.................#..###.# .##
.........@..# #..# #.# ..####
............# ###.## #.#
#....#########'##### #...# ...
...)..########'### ###.#.# #..
....#............# #...#.# .~##
....####.........####'###.≈~.
....# #..................≈~∩
....# #..........##......≈≈≈
#'### #.........###.......≈≈≈


You could see a goblin.

Vanquished Creatures
  A dart slug (D:2)
  2 bats (D:2)
  2 endoplasms (D:2)
  2 giant cockroaches
  2 goblins
  4 hobgoblins (D:1)
  A quokka (D:1)
  3 ball pythons
  3 frilled lizards
  3 rats
23 creatures vanquished.

Vanquished Creatures (collateral kills)
  2 endoplasms
2 creatures vanquished.

Grand Total: 25 creatures vanquished

Notes
Turn   | Place    | Note
-------+----------+-------------------------------------------
     0 | D:1      | KidAlby the Deep Elf Necromancer began the quest for the
                  | Orb.
     0 | D:1      | Reached XP level 1. HP: 10/10 MP: 6/6
    47 | D:1      | Reached skill level 5 in Necromancy
   157 | D:1      | Upgraded the game from 0.30-a0-949-g53dc5368d7 to
                  | 0.30-a0-996-ga6910c8ee8
   162 | D:1      | Reached XP level 2. HP: 15/15 MP: 5/8
   885 | D:2      | Found the +12 glaive of Prune {freeze, Prune}
  1141 | D:2      | Found Naaweiw's Antique Weapon Shop.
  1172 | D:2      | Reached XP level 3. HP: 19/19 MP: 0/10
  1311 | D:2      | Quit the game

Illustrated notes

Levels and vault maps discovered:
D:1:      eino_arrival_tree_alley, layout_loops_ring
D:2:      layout_basic, serial_shops, nicolae_shop_waterfront

Skill      XL: |  1 |
---------------+----+-----
Necromancy     | 5 |  5.6
Dodging        | |  2.5
Stealth        | |  2.5
Spellcasting   | |  3.6

Action                     || total
---------------------------++-------
  Melee: Unarmed           ||     1
         Staff             ||     2
   Cast: Necrotise         ||    37
    Use: Scroll            ||     6
         Potion            ||     4
 Armour: Robe              ||     1
  Dodge: Dodged            ||     7

Table legend: (Time is in decaauts)
 A = Elapsed time spent in this place.
 B = Non-inter-level travel time spent in this place.
 C = Inter-level travel time spent in this place.
 D = Time resting spent in this place.
 E = Time spent auto-exploring this place.
 F = Levels seen in this place.
 G = Mean time per level.
                   A        B        C        D        E       F      G
               +--------+--------+--------+--------+--------+-----+--------+
         Total |   1310 |   1145 |    165 |      0 |    957 |   2 |  655.0 |
       Dungeon |   1310 |   1145 |    165 |      0 |    957 |   2 |  655.0 |
               +--------+--------+--------+--------+--------+-----+--------+

Top non-repeatable levels by time:
     D:1: 853 daAuts
     D:2: 457 daAuts
